 Dungeon Crawl Stone Soup version 0.32-a0-630-g46d191b0ed (webtiles) character file.

Game seed: 8811788050578328748

81 Shayle the Apothecary (level 4, 0/30 HPs)
             Began as a Coglin Alchemist on Mar 6, 2024.
             Slain by a sleepcap (7 damage)
             ... on level 5 of the Dungeon.
             The game lasted 00:04:35 (2141 turns).

Shayle the Apothecary (Coglin Alchemist)            Turns: 2141, Time: 00:04:36

Health: 0/30       AC:  3    Str:  9    XL:     4   Next: 42%
Magic:  7/7        EV: 12    Int: 16    God:
Gold:   176        SH:  0    Dex: 14    Spells: 6/7 levels left

rFire   . . .        e - +0 whip {Malki}
rCold   . . .        i - +2 dagger (venom) {Rafael}
rNeg    . . .        l - +0 leather armour
rPois   .            (no helmet)
rElec   .            (no cloak)
rCorr   .            (no gloves)
SInv    .            (no boots)
Will    .....        (amulet unavailable)
Stlth   ++           (ring unavailable)
HPRegen 0.25/turn    (ring unavailable)
MPRegen 0.10/turn    (no gizmo)

%: no passive effects
@: revving
A: off-hand wielding, slow wielding, warmup strikes, no jewellery
a: Invent Gizmo


You were on level 5 of the Dungeon.
You visited 1 branch of the dungeon, and saw 4 of its levels.

You collected 176 gold pieces.

Inventory:

Hand Weapons
 e - a +0 whip (weapon) {Malki}
 i - a +2 dagger of venom (offhand) {Rafael}
Armour
 a - a +0 robe
 l - a +0 leather armour (worn)
Scrolls
 c - 3 scrolls of teleportation {unknown}
 f - a scroll of amnesia {unknown}
 h - a scroll of brand weapon {unknown}
 j - a scroll of fear {unknown}
 k - a scroll of immolation {unknown}
 p - a scroll of identify {unknown}
Potions
 b - 2 potions of magic
 d - a potion of mutation {unknown}
 g - 2 potions of berserk rage {unknown}
 m - a potion of curing {unknown}
 n - 2 potions of heal wounds {unknown}
 o - a potion of attraction {unknown}


   Skills:
 + Level 2.5 Dodging
 - Level 1.5 Stealth
 + Level 2.3 Spellcasting
 + Level 1.8 Conjurations
 + Level 0.5 Air Magic
 + Level 3.9 Alchemy


You had 6 spell levels left.
You knew the following spells:

 Your Spells              Type           Power      Damage    Failure   Level
a - Sting                 Conj/Alch      44%        1d5       9%          1

Your spell library contained the following spells:

 Spells                   Type           Power      Damage    Failure   Level
 Shock                    Conj/Air       20%        1d4       17%         1
 Mercury Vapours          Alch/Air       18%        N/A       17%         2
 Mephitic Cloud           Conj/Alch/Air  8%         N/A       34%         3
 Olgreb's Toxic Radiance  Alch           14%        N/A       50%         4
 Swiftness                Air            3%         N/A       56%         3
 Sticky Flame             Fire/Alch      8%         2d4       77%         4
 Airstrike                Air            1%         2d(1-17)  92%         4


Dungeon Overview and Level Annotations

Branches:
Dungeon (3/15)

Altars:
Ashenzari
Wu Jian


Innate Abilities, Weirdness & Mutations

You can wield a second weapon in your off-hand.
It takes a long time for you to wield or remove held weapons.
Your first few attacks do less damage.
You cannot equip rings or amulets.


Message History

Found a stone staircase leading up.
p - a scroll labelled TEDDETHR QASSI A goblin comes into view.
It is wielding a +0 club.
The goblin shouts!
You hear an angry hiss.
You closely miss the goblin with your +2 dagger of venom.
You hit the goblin with your +0 whip.
A water moccasin comes into view.
The goblin misses you.
You closely miss the goblin with your +2 dagger of venom.
The goblin is moderately wounded.
You closely miss the goblin with your +0 whip.
The goblin hits you with a +0 club.
You hit the goblin with your +0 whip.
The goblin is severely wounded.
You hit the goblin with your +2 dagger of venom.
You kill the goblin!
A malevolent force fills the Dungeon...
You fall into a shaft and drop 2 floors!
The shaft crumbles and collapses.
Found 12 gold pieces.
You now have 176 gold pieces (gained 12).
A sleepcap comes into view.
Found 11 gold pieces.
The sleepcap releases spores at you.
You are engulfed in a cloud of soporific spores!
You fall asleep.
The sleepcap releases spores at you!
You wake up.
You hit the sleepcap but do no damage.
The sleepcap is poisoned.
You hit the sleepcap but do no damage. The sleepcap barely misses you.
You hit the sleepcap with your +0 whip.
The sleepcap is lightly damaged.
You hit the sleepcap with your +2 dagger of venom.
The sleepcap releases spores at you!
* * * LOW HITPOINT WARNING * * *
You are engulfed in a cloud of soporific spores!
You are unaffected.
You hit the sleepcap with your +0 whip.
The sleepcap is moderately damaged.
You hit the sleepcap with your +2 dagger of venom.
The sleepcap releases spores at you!
You die...

#.# #.# #.# #.#
#.# #.# #.# #.#
#.# #.# #.# #.#
$ #.# #.#
....#########.#
#.#
......f@......#
#.#
....###########
#.# # #.#


You could see a sleepcap (very poisoned).

Vanquished Creatures
  3 adders (D:2)
  A ribbon worm (D:2)
  An orc (D:3)
  A bat (D:1)
  6 endoplasms
  3 giant cockroaches
  3 hobgoblins
  9 jackals
  5 kobolds
  2 quokkas
  3 ball pythons
  2 frilled lizards
  3 goblins
  4 rats
46 creatures vanquished.

Notes
Turn   | Place    | Note
-------+----------+-------------------------------------------
     0 | D:1      | Shayle the Coglin Alchemist began the quest for the Orb.
     0 | D:1      | Reached XP level 1. HP: 13/13 MP: 3/3
   107 | D:1      | Reached skill level 1 in Conjurations
   312 | D:1      | Reached XP level 2. HP: 19/19 MP: 1/4
   726 | D:1      | Reached XP level 3. HP: 22/24 MP: 3/6
  1719 | D:2      | Reached XP level 4. HP: 19/30 MP: 7/7
  1911 | D:3      | Found an ornate altar of the Wu Jian Council.
  1913 | D:3      | Found a broken altar of Ashenzari.
  2100 | D:3      | Noticed a water moccasin
  2103 | D:3      | You fall into a shaft and drop 2 floors!
  2103 | D:5      | Entered Level 5 of the Dungeon
  2141 | D:5      | Slain by a sleepcap

Illustrated notes

Levels and vault maps discovered:
D:1:      eino_arrival_cavern_d, layout_basic
D:2:      layout_rooms
D:3:      layout_loops_ring, chequers_temple_overflow_statue_of_worship,
          hellmonk_ecumenical_altar_leap_of_faith, nicolae_shop_vocational
D:5:      layout_basic, makhleb_heckhound_becter, serial_shops,
          nicolae_shop_waterfront

Skill      XL: |  1  2 |
---------------+-------+-----
Conjurations   | 1 |  1.8
Dodging        | 2 |  2.5
Spellcasting   | 2 |  2.3
Stealth        | |  1.5
Air Magic      | |  0.5
Alchemy        | |  3.9

Action                     |  1- 3 |  4- 6 || total
---------------------------+-------+-------++-------
  Melee: Whip              |    83 |    22 ||   105
         Dagger            |    25 |    25 ||    50
   Cast: Sting             |    24 |       ||    24
   Stab: Sleeping          |     1 |     3 ||     4
 Armour: Robe              |    22 |       ||    22
         Leather armour    |    10 |    14 ||    24
  Dodge: Dodged            |    67 |    18 ||    85

Table legend: (Time is in decaauts)
 A = Elapsed time spent in this place.
 B = Non-inter-level travel time spent in this place.
 C = Inter-level travel time spent in this place.
 D = Time resting spent in this place.
 E = Time spent auto-exploring this place.
 F = Levels seen in this place.
 G = Mean time per level.
                   A        B        C        D        E       F      G
               +--------+--------+--------+--------+--------+-----+--------+
         Total |   2149 |   2084 |     65 |      3 |   1606 |   4 |  537.2 |
       Dungeon |   2149 |   2084 |     65 |      3 |   1606 |   4 |  537.2 |
               +--------+--------+--------+--------+--------+-----+--------+

Top non-repeatable levels by time:
     D:1: 1283 daAuts
     D:2: 635 daAuts
     D:3: 193 daAuts
     D:5: 37 daAuts
